 Dungeon Crawl Stone Soup version 0.27.1-33-g824d729ab1 (webtiles) character file.

Game seed: 11563561743839578180

121 walnutcon the Changer (level 5, -4/37 HPs)
             Began as a Merfolk Transmuter on Dec 15, 2021.
             Was a Follower of Zin.
             Slain by a scorpion (8 damage)
             ... on level 4 of the Dungeon.
             The game lasted 00:15:26 (3386 turns).

walnutcon the Changer (Merfolk Transmuter)          Turns: 3386, Time: 00:15:26

Health: -4/37      AC:  3    Str: 11    XL:     5   Next: 5%
Magic:  8/8        EV: 12    Int: 13    God:    Zin [*.....]
Gold:   182        SH:  0    Dex: 14    Spells: 2/8 levels left

rFire    . . .     SeeInvis .     - Unarmed
rCold    . . .     Faith    .   (no shield)
rNeg     . . .     Spirit   .   a - +1 robe
rPois    .         Reflect  .   (no helmet)
rElec    .         Harm     .   (no cloak)
rCorr    .         Rampage  .   (no gloves)
Will     .....                  (no boots)
Stlth    +.........             (no amulet)
HPRegen  0.12/turn              (no ring)
MPRegen  0.11/turn              (no ring)

@: weak-willed
A: (nimble swimmer 2), mertail
a: Renounce Religion, Recite, Donate Gold


You were on level 4 of the Dungeon.
You worshipped Zin.
Zin was aware of your devotion.
You visited 1 branch of the dungeon, and saw 4 of its levels.

You collected 202 gold pieces.
You donated 20 gold pieces to Zin.

Inventory:

Hand Weapons
 f - a +0 hunting sling
Missiles
 d - 116 stones (quivered)
 g - 2 boomerangs
 o - 8 arrows
 s - 14 poisoned darts
Armour
 a - a +1 robe (worn)
Jewellery
 c - an amulet of reflection
 q - a ring of protection from fire
Scrolls
 e - 2 scrolls of amnesia
 n - 3 scrolls of identify
Potions
 h - a potion of flight
 i - a potion of attraction {unknown}
 k - a potion of mutation {unknown}


   Skills:
 - Level 1.1 Fighting
 - Level 2.6 Dodging
 - Level 3.2 Unarmed Combat
 - Level 2.0 Spellcasting
 * Level 6.7 Transmutations


You had 2 spell levels left.
You knew the following spells:

 Your Spells              Type           Power      Damage    Failure   Level
a - Beastly Appendage     Tmut           36%        N/A       1%          1
b - Wereblood             Tmut           18%        N/A       2%          2
c - Spider Form           Tmut/Pois      5%         N/A       19%         3

Your spell library contained the following spells:

 Spells                   Type           Power      Damage    Failure   Level
 Summon Small Mammal      Summ           4%         N/A       26%         1
 Ice Form                 Ice/Tmut       10%        N/A       54%         4
 Call Canine Familiar     Summ           1%         N/A       58%         3
 Summon Guardian Golem    Hex/Summ       1%         N/A       58%         3
 Animate Dead             Necr           0%         N/A       94%         4
 Haunt                    Necr/Summ      0%         N/A       100%        7
 Infestation              Necr           0%         N/A       100%        8


Dungeon Overview and Level Annotations

Branches:
Dungeon (4/15)
 Temple: D:4-7

Altars:
Zin

Shops:
D:2 [


Innate Abilities, Weirdness & Mutations

((You are quick and stealthy near water. (Stealth+, EV+, Speed+++)))
Your lower body shifts to a powerful aquatic tail in water.


Message History

It is a scroll of identify.
h - a potion of flight You feel sick.
The scorpion stings you.
Unknown command.
As you read the scroll labelled VONAHUYXZE, it crumbles to dust.
It is a scroll of amnesia.
Really abort (and waste the scroll)?
Okay, then.
You feel sick. The scorpion stings you.
* * * LOW HITPOINT WARNING * * *
You are lethally poisoned!
The scorpion poisons you!
It was a potion of cancellation.
You feel magically purged.
* * * LOW HITPOINT WARNING * * *
You feel very sick. The scorpion stings you.
* * * LOW HITPOINT WARNING * * *
It was a potion of curing.
You feel better. The scorpion closely misses you. x2
The scorpion barely misses you. The scorpion stings you.
* * * LOW HITPOINT WARNING * * *
As you read the scroll labelled XEMMEYLEPHUU, it crumbles to dust.
You speak a Word of immense power!
It was a scroll of holy word.
The scorpion stings you!
* * * LOW HITPOINT WARNING * * *
Blink to where?
Press: ? - help, Dir - move target
As you read the scroll labelled YSUKARINWE, it crumbles to dust.
It was a scroll of blinking.
As you read the scroll labelled IXURAEQ ZEGAN, it crumbles to dust.
It is a scroll of enchant armour.
Your +0 robe glows green for a moment.
As you read the scroll labelled MUGORI JAEMY, it crumbles to dust.
Magic quickly surges around you.
It was a scroll of vulnerability.
You hit the scorpion but do no damage. The scorpion barely misses you.
Okay, then.
There's no appreciative audience!
Okay, then.
The scorpion stings you!
You die...

##### ####### #.... #.....# #.###
#.###.######### #.#..
#.#...........## #<#.#
##.#.#.######..@############.#.#
#......# #.#s÷..............#
##.###.#######...##########...###
...# #..........## #.........##
##.###.########.# #.######..#
#<§...######...####.# #..#
####.#............#.# ####..####
#.#.#####.#)#....###.........
#.#.# #.#...#......##..####


You could see a scorpion (weak-willed).

Vanquished Creatures
  5 adders
  A worm (D:2)
  An orc (D:3)
  8 ball pythons
  7 bats
  5 endoplasms
  7 giant cockroaches
  6 goblins
  6 hobgoblins
  2 jackals (D:1)
  8 kobolds
  3 quokkas
  5 frilled lizards
  6 rats
70 creatures vanquished.

Notes
Turn   | Place    | Note
-------+----------+-------------------------------------------
     0 | D:1      | walnutcon the Merfolk Transmuter began the quest for the
                  | Orb.
     0 | D:1      | Reached XP level 1. HP: 15/15 MP: 3/3
    21 | D:1      | Reached skill level 3 in Transmutations
   177 | D:1      | Reached XP level 2. HP: 19/21 MP: 3/5
   225 | D:1      | Reached skill level 4 in Transmutations
   598 | D:1      | Learned a level 2 spell: Wereblood
   798 | D:1      | Reached XP level 3. HP: 21/26 MP: 4/6
   802 | D:1      | Learned a level 3 spell: Spider Form
  1042 | D:1      | Found a faded altar of an unknown god.
  1553 | D:2      | Reached skill level 5 in Transmutations
  1847 | D:2      | Reached XP level 4. HP: 32/32 MP: 3/7
  1974 | D:2      | Found Idghamm's Armour Boutique.
  2301 | D:3      | Reached skill level 6 in Transmutations
  2772 | D:3      | Found a glowing silver altar of Zin.
  2794 | D:3      | Became a worshipper of Zin the Law-Giver
  2794 | D:3      | Reached * piety under Zin
  2981 | D:4      | Noticed a necrophage
  3080 | D:4      | Reached XP level 5. HP: 33/37 MP: 8/8
  3386 | D:4      | Slain by a scorpion

Illustrated notes

Levels and vault maps discovered:
D:1:      lemuel_arrival_room, layout_basic, dreamdust_ecumenical_altar_statues,
          hangedman_decor_growths, minmay_heptomino_h4
D:2:      layout_rooms, serial_shops, nicolae_shop_behind_doors, minmay_3d_cube
D:3:      layout_basic, lemuel_crystal_altar, amcnicky_altar_gilded,
          minmay_pentomino_pile
D:4:      layout_loops_ring, ebering_ghost_sewer_f

Skill      XL: |  1  2  3  4 |
---------------+-------------+-----
Transmutations | 3 4 5 6 |  6.7
Fighting       | |  1.1
Dodging        | |  2.6
Unarmed Combat | |  3.2
Spellcasting   | |  2.0

Action                   |  1- 3 |  4- 6 || total
-------------------------+-------+-------++-------
Melee: Unarmed           |   123 |    80 ||   203
       Headbutt          |    14 |     2 ||    16
       Punch             |     1 |     2 ||     3
Throw: Stone             |     2 |     6 ||     8
 Cast: Beastly Appendage |    23 |     3 ||    26
       Wereblood         |     4 |     1 ||     5
       Spider Form       |     1 |     7 ||     8
  Use: Potion            |       |     3 ||     3
       Scroll            |       |     6 ||     6
 Stab: Distracted        |     1 |       ||     1
       Sleeping          |     1 |       ||     1
Armor: Robe              |    25 |     5 ||    30
       Skin              |       |     4 ||     4
Dodge: Dodged            |    92 |    70 ||   162
